 Dungeon Crawl Stone Soup version 0.28-a0-1415-g7c84da036a (webtiles) character file.

Game seed: 5413025357924526986

45 lonewolfV2 the Skirmisher (level 3, -1/33 HPs)
             Began as a Hill Orc Fighter on Jan 7, 2022.
             Slain by Crazy Yiuf (3 damage)
             ... on level 2 of the Dungeon.
             The game lasted 00:02:40 (1727 turns).

lonewolfV2 the Skirmisher (Hill Orc Fighter)        Turns: 1727, Time: 00:02:41

Health: -1/33      AC:  6    Str: 20    XL:     3   Next: 64%
Magic:  3/3        EV: 10    Int:  8    God:
Gold:   98         SH:  4    Dex: 10    Spells: 2/2 levels left

rFire   . . .      SeeInvis +   a - +1 war axe
rCold   . . .      Faith    .   c - +0 buckler
rNeg    . . .      Spirit   .   n - +1 ring mail {Will+}
rPois   .          Reflect  .   (no helmet)
rElec   .          Harm     .   (no cloak)
rCorr   .          Rampage  .   (no gloves)
Will    ++...                   (no boots)
Stlth   ..........              (no amulet)
HPRegen 0.11/turn               e - ring of see invisible
MPRegen 0.08/turn               g - ring of willpower

@: no status effects
A: no striking features
a: no special abilities


You were on level 2 of the Dungeon.
You visited 1 branch of the dungeon, and saw 2 of its levels.

You collected 98 gold pieces.

Inventory:

Hand Weapons
 a - a +1 war axe (weapon)
Armour
 b - a +0 scale mail
 c - a +0 buckler (worn)
 n - a +1 ring mail of willpower (worn)
Jewellery
 e - a ring of see invisible (left hand)
 g - a ring of willpower (right hand)
Potions
 d - a potion of might
 f - a potion of haste {unknown}
 i - a potion of invisibility {unknown}
 k - a potion of curing {unknown}
 l - a potion of degeneration {unknown}
 o - a potion of flight {unknown}
 p - a potion of lignification {unknown}


   Skills:
 + Level 4.1 Fighting
 + Level 3.3 Axes
 + Level 3.9 Armour
 + Level 3.7 Shields


You had 2 spell levels left.
You didn't know any spells.
Your spell library was empty.

Dungeon Overview and Level Annotations

Branches:
Dungeon (2/15)

Altars:

Annotations:
D:2 Crazy Yiuf


Message History

a murky golden potion; a +0 dagger
o - a murky golden potion You hit the kobold.
You kill the kobold!
p - a viscous puce potion;
q - a scroll labelled LUIDO FIHATIU You now have 98 gold pieces (gained 10).
Things that are here:
a +0 short sword; 2 stones
As you read the scroll labelled LAH EFEPREM, it crumbles to dust.
It is a scroll of enchant weapon.
Your +0 war axe glows red for a moment.
Unknown command.
As you read the scroll labelled SILOSAOREEC, it crumbles to dust.
The air around you briefly surges with heat, but it dissipates.
It was a scroll of immolation.
As you read the scroll labelled ZOXEODGH GINIAT, it crumbles to dust.
You hear a loud clanging noise!
It was a scroll of noise.
You hear a shout!
As you read the scroll labelled LUIDO FIHATIU, it crumbles to dust.
You assume a fearsome visage.
Nothing appears to happen.
It was a scroll of fear.
There is an open door here.
There is an open door here.
You see here a +0 short sword.
There is an open door here.
Found a mace.
Found a runed translucent door.
Could not explore, unopened runed door.
You open the door. You closely miss Crazy Yiuf. Crazy Yiuf barely misses you.
You closely miss Crazy Yiuf.
Crazy Yiuf hits you with a +3 quarterstaff of chaos!
Crazy Yiuf burns you.
Crazy Yiuf hits you with a +3 quarterstaff of chaos!
* * * LOW HITPOINT WARNING * * *
Crazy Yiuf freezes you.
* * * LOW HITPOINT WARNING * * *
You closely miss Crazy Yiuf.
Crazy Yiuf hits you with a +3 quarterstaff of chaos.
You die...

##########'###'..'####
#.# #....# #.# ♣....♣
#.# ♣...♣♣ #.# ♣♣.♣♣
#.# ♣.♣♣ #.# ♣♣.♣ #.#
♣.♣♣ ### ♣♣@♣ #g# ...
#...# #..)# #####


You could see Crazy Yiuf.

Vanquished Creatures
  A worm (D:2)
  2 dart slugs
  2 endoplasms (D:2)
  3 giant cockroaches (D:1)
  2 goblins (D:2)
  4 hobgoblins
  A quokka (D:1)
  4 ball pythons
  4 bats (D:1)
  2 frilled lizards (D:1)
  7 kobolds
  5 rats
37 creatures vanquished.

Notes
Turn   | Place    | Note
-------+----------+-------------------------------------------
     0 | D:1      | lonewolfV2 the Hill Orc Fighter began the quest for the
                  | Orb.
     0 | D:1      | Reached XP level 1. HP: 19/19 MP: 1/1
   437 | D:1      | Reached XP level 2. HP: 25/27 MP: 2/2
   546 | D:1      | Reached skill level 4 in Fighting
   889 | D:1      | Reached XP level 3. HP: 33/33 MP: 3/3
  1046 | D:2      | Found a faded altar of an unknown god.
  1720 | D:2      | Found a runed translucent door.
  1722 | D:2      | Noticed Crazy Yiuf
  1727 | D:2      | Slain by Crazy Yiuf

Illustrated notes

Levels and vault maps discovered:
D:1:      dpeg_arrival_concentric_ovals, layout_rooms
D:2:      layout_basic, shapermc_ecumenical_altar_pompeii,
          amcnicky_mini_pool_small, hangedman_decor_growths,
          uniq_crazy_yiuf_cottage

Skill      XL: |  1  2  3 |
---------------+----------+-----
Fighting       | 4 |  4.1
Axes           | 3 |  3.3
Armour         | |  3.9
Shields        | |  3.7

Action                   || total
-------------------------++-------
Melee: War axe           ||    74
  Use: Scroll            ||     5
Armor: Scale mail        ||    52
Dodge: Dodged            ||    37
Block: Buckler           ||    24

Table legend: (Time is in decaauts)
 A = Elapsed time spent in this place.
 B = Non-inter-level travel time spent in this place.
 C = Inter-level travel time spent in this place.
 D = Time resting spent in this place.
 E = Time spent auto-exploring this place.
 F = Levels seen in this place.
 G = Mean time per level.
                   A        B        C        D        E       F      G
               +--------+--------+--------+--------+--------+-----+--------+
         Total |   1755 |   1726 |     29 |    324 |   1043 |   2 |  877.5 |
       Dungeon |   1755 |   1726 |     29 |    324 |   1043 |   2 |  877.5 |
               +--------+--------+--------+--------+--------+-----+--------+

Top non-repeatable levels by time:
     D:1: 988 daAuts
     D:2: 767 daAuts
